 Dungeon Crawl Stone Soup version 0.23-a0-398-g8eab93f (webtiles) character file.

4875 BingusPrime the Cleaver (level 10, -10/92 HPs)
             Began as a Deep Dwarf Hunter on Nov 2, 2018.
             Was a Believer of Makhleb.
             Mangled by a seven-headed hydra (11 damage)
             ... on level 1 of the Lair of Beasts.
             The game lasted 00:36:55 (7189 turns).

BingusPrime the Cleaver (Deep Dwarf Hunter)         Turns: 7189, Time: 00:36:55

Health: -10/92     AC:  6    Str: 20    XL:     10   Next: 26%
Magic:  1/1        EV: 15    Int: 13    God:    Makhleb [**....]
Gold:   462        SH:  0    Dex: 16    Spells: 9/9 levels left

rFire    + . .     SeeInvis .   D - +0 war axe
rCold    x . .     Gourm    .   (no shield)
rNeg     . . .     Faith    .   c - +0 leather armour
rPois    .         Spirit   .   j - +0 helmet
rElec    .         Reflect  .   (no cloak)
rCorr    .         Harm     .   m - +0 pair of gloves
MR       +....                  (no boots)
Stlth    ++........             (no amulet)
HPRegen  0.00/turn              i - +5 ring of strength
MPRegen  0.07/turn              y - ring of fire

@: non-regenerating
A: damage resistance, heal wounds, sense surroundings 2, no regeneration
a: Heal Wounds, Minor Destruction, Renounce Religion


You were on level 1 of the Lair of Beasts.
You worshipped Makhleb.
Makhleb was pleased with you.
You were very hungry.

You visited 3 branches of the dungeon, and saw 10 of its levels.

You collected 462 gold pieces.

Inventory:

Hand Weapons
 a - a +1 hand crossbow
 b - a +0 short sword
 d - a +0 antimagic hand axe
 D - a +0 war axe (weapon)
Missiles
 C - 13 tomahawks (quivered)
Armour
 c - a +0 leather armour (worn)
 j - a +0 helmet (worn)
 m - a +0 pair of gloves (worn)
 B - the +1 robe of Space {Str+2}
   (You found it on level 6 of the Dungeon)

   It affects your strength (+2).
Jewellery
 i - a +5 ring of strength (left hand)
 p - an uncursed ring of flight
 s - an uncursed ring of ice
 t - an uncursed ring of resist corrosion
 x - an uncursed ring of protection from magic
 y - a ring of fire (right hand)
Scrolls
 g - 2 scrolls of amnesia {unknown}
 l - 3 scrolls of identify
 o - a scroll of noise {unknown}
 q - 2 scrolls of remove curse
 r - 2 scrolls of blinking {unknown}
 u - 2 scrolls of fog {unknown}
 w - a scroll of summoning {unknown}
 F - 2 scrolls of magic mapping {unknown}
Potions
 e - a potion of flight
 h - 3 potions of curing
 k - a potion of heal wounds
 n - 3 potions of brilliance
 v - a potion of ambrosia {unknown}
 E - a potion of lignification {unknown}
 G - a potion of might {unknown}
 H - 2 potions of haste
Comestibles
 f - 17 rations


   Skills:
 * Level 6.5 Fighting
 * Level 9.9 Axes
 * Level 9.0 Crossbows
 + Level 0.7 Throwing
 + Level 4.7 Armour
 + Level 5.0 Dodging
 + Level 2.6 Stealth
 * Level 2.2 Evocations


You had 9 spell levels left.
You didn't know any spells.
Your spell library contained the following spells:

 Spells                   Type           Power        Failure   Level  Hunger
 Corona                   Hex            #......      34%         1    ##.....
 Shock                    Conj/Air       #...         34%         1    ##.....
 Ensorcelled Hibernation  Hex/Ice        #.....       47%         2    ###....
 Swiftness                Chrm/Air       #.......     47%         2    ###....
 Confuse                  Hex            #.......     71%         3    ####...
 Dazzling Spray           Conj/Hex       #.....       71%         3    ####...
 Static Discharge         Conj/Air       #.......     71%         3    ####...
 Tukima's Dance           Hex            #.......     71%         3    ####...
 Airstrike                Air            #.........   98%         4    #####..
 Lightning Bolt           Conj/Air       #.........   100%        5    ######.


Dungeon Overview and Level Annotations

Branches:
Dungeon (8/15)             Temple (1/1) D:4            Lair (1/6) D:8

Altars:
Ashenzari
Cheibriados
Dithmenos
Elyvilon
Fedhas
Gozag
Hepliaklqana
Kikubaaqudgha
Makhleb
Nemelex Xobeh
Okawaru
Qazlal
Ru
Sif Muna
Trog
Uskayaw
Vehumet
Wu Jian
Xom
Yredelemnul
Zin
The Shining One

Annotations:
D:6 1 runed door, tardigrad's ghost, novice OpCj


Innate Abilities, Weirdness & Mutations

You are resistant to damage.
You can heal yourself by infusing magical energy.
You passively map the area around you.
You do not regenerate.


Message History

* * * LOW HITPOINT WARNING * * *
The seven-headed hydra bites you!
* * * LOW HITPOINT WARNING * * *
The seven-headed hydra bites you.
Unknown command.
Evoke which item? (* to show all) (? for menu, Esc to quit)
Aiming: Disintegrate
Press: ? - help, Shift-Dir - straight line, f/p - seven-headed hydra
Aim: a seven-headed hydra (heavily wounded, chance to defeat MR: 40%)
The seven-headed hydra resists with some effort.
The now-empty wand crumbles to dust.
The seven-headed hydra bites you.
* * * LOW HITPOINT WARNING * * *
The seven-headed hydra bites you!
* * * LOW HITPOINT WARNING * * *
The seven-headed hydra closely misses you.
The seven-headed hydra barely misses you.
The seven-headed hydra misses you.
The seven-headed hydra barely misses you.
The seven-headed hydra bites you!
You die...

, , ,, ,
###.(.........#*
#...(..........,* *
##...>..(....## ,
#....(......... , * *
*.....(.......... *#* *
##...(...(...%... , .>##
## #.#.....D........,, ,
...
#.####......@........ ..
....................., *
*
,.......#.............,*
, ,
.....%.##............, *
,
,,........#............
, .....................#
,
............#........##
, ..%.P.......#......###
, ,,...........######P##


You could see a seven-headed hydra.

Vanquished Creatures
  A komodo dragon (D:8)
  Grinder (D:5)
  A spriggan (D:7)
  A water moccasin (Lair:1)
  2 ice beasts
  6 orc warriors
  A phantom (D:4)
  3 black bears
  3 ogres
  A sky beast (D:7)
  5 wolves (Lair:1)
  4 centaurs
  3 crocodiles
  2 big kobolds
  3 bullfrogs
  A scorpion (D:7)
  2 water moccasin skeletons
  3 howler monkeys
  A crimson imp (D:5)
  A jelly (D:8)
  A centaur skeleton (D:6)
  2 orc priests
  4 hounds
  9 orc wizards
  10 worker ants
  A hound zombie (D:8)
  A hound skeleton (D:5)
  15 adders
  10 gnolls
  A howler monkey skeleton (D:6)
  2 shadow imps (D:5)
  2 oozes
  An adder skeleton (D:5)
  A worm (D:4)
  9 leopard geckos
  40 orcs
  7 bats
  6 giant cockroaches
  6 goblins
  7 hobgoblins
  2 jackals (D:1)
  16 kobolds
  7 quokkas
  3 ball pythons
  8 frilled lizards
  A jackal zombie (D:8)
  A leopard gecko zombie (D:6)
  11 rats
229 creatures vanquished.

Vanquished Creatures (others)
  An adder (D:8)
  An orc (D:8)
  26 plants (D:8)
28 creatures vanquished.

Grand Total: 257 creatures vanquished

Notes
Turn   | Place    | Note
-------+----------+-------------------------------------------
     0 | D:1      | BingusPrime the Deep Dwarf Hunter began the quest for the
                  | Orb.
     0 | D:1      | Reached XP level 1. HP: 19/19 MP: 1/1
   126 | D:1      | Reached XP level 2. HP: 26/26 MP: 2/2
   483 | D:1      | Reached skill level 5 in Crossbows
   916 | D:2      | Found a shattered altar of Ashenzari.
   917 | D:2      | Reached XP level 3. HP: 32/32 MP: 3/3
  1026 | D:2      | Reached XP level 4. HP: 39/39 MP: 4/4
  1282 | D:2      | Found an ancient bone altar of Kikubaaqudgha.
  1680 | D:4      | Reached skill level 1 in Axes
  1693 | D:3      | Reached XP level 5. HP: 32/48 MP: 3/3
  1791 | D:3      | Reached skill level 1 in Armour
  1869 | D:3      | Found a hazy altar of Hepliaklqana.
  2251 | D:4      | Found a shimmering altar of Xom.
  2254 | D:4      | Found a shimmering altar of Xom.
  2254 | D:4      | Noticed a phantom
  2255 | D:4      | Found a shimmering altar of Xom.
  2255 | D:4      | Found a shimmering altar of Xom.
  2277 | D:4      | Killed a phantom
  2277 | D:4      | Reached XP level 6. HP: 41/56 MP: 3/3
  2282 | D:4      | Found a shimmering altar of Xom.
  2283 | D:4      | Found a shimmering altar of Xom.
  2283 | D:4      | Found a shimmering altar of Xom.
  2584 | D:4      | Reached XP level 7. HP: 37/62 MP: 4/4
  2873 | D:4      | Found a staircase to the Ecumenical Temple.
  2880 | Temple   | Entered the Ecumenical Temple
  3043 | D:5      | Entered Level 5 of the Dungeon
  3163 | D:5      | Noticed Grinder
  3166 | D:5      | Paralysed by Grinder for 4 turns
  3636 | D:5      | Reached XP level 8. HP: 46/72 MP: 4/4
  3649 | D:5      | Killed Grinder
  3649 | D:5      | Reached skill level 5 in Axes
  4305 | D:6      | Found a snail-covered altar of Cheibriados.
  4371 | D:6      | Got an ichor-stained robe
  4372 | D:6      | Identified the +1 robe of Space {Str+2} (You found it on
                  | level 6 of the Dungeon)
  4429 | D:6      | Found an opulent altar of Gozag.
  4429 | D:6      | Found a deep blue altar of Sif Muna.
  4461 | D:6      | Found a burning altar of Makhleb.
  4465 | D:6      | Found a faded altar of an unknown god.
  4467 | D:6      | Found a faded altar of an unknown god.
  4470 | D:6      | Became a worshipper of Makhleb the Destroyer
  4500 | D:6      | Reached skill level 5 in Fighting
  4735 | D:6      | Found a basalt altar of Yredelemnul.
  4816 | D:6      | Found a sacrificial altar of Ru.
  4836 | D:6      | Found a runed door.
  4836 | D:6      | Found a shimmering altar of Xom.
  4836 | D:6      | Noticed tardigrad's ghost (novice OpCj)
  4836 | D:6      | Noticed a glowing spear
  5124 | D:7      | Gained mutation: You passively map the area around you.
                  | [Deep Dwarf growth]
  5124 | D:7      | Reached XP level 9. HP: 52/81 MP: 5/5
  5330 | D:7      | Found a bloodstained altar of Trog.
  5488 | D:7      | Reached * piety under Makhleb
  6034 | D:8      | HP: 4/82 [water moccasin skeleton (7)]
  6045 | D:8      | Reached skill level 1 in Evocations
  6138 | D:7      | Upgraded the game from 0.23-a0-395-gcf17ac6 to
                  | 0.23-a0-398-g8eab93f
  6245 | D:8      | Reached ** piety under Makhleb
  6593 | D:8      | Noticed a komodo dragon
  6599 | D:8      | Killed a komodo dragon
  6599 | D:8      | Reached XP level 10. HP: 48/91 MP: 1/1
  6631 | D:8      | Found a staircase to the Lair.
  6648 | Lair:1   | Entered Level 1 of the Lair of Beasts
  6733 | Lair:1   | Reached skill level 5 in Dodging
  7178 | Lair:1   | Noticed a seven-headed hydra
  7189 | Lair:1   | HP: 1/92 [seven-headed hydra (7)]
  7189 | Lair:1   | Mangled by a seven-headed hydra

Vault maps used:
D:1:      kilobyte_arrival_exit_the_forest, minmay_tetromino_s2
D:2:      ashenzari_altar_1, kiku_gazebo_pond_becter, hex_large,
          minmay_liquid_box, chequers_serial_rivers_micro_e
D:3:      lemuel_coloured_pillars_altar, fountainhead
D:4:      minmay_temple_entry_nine_rooms, first_ration, nicolae_xom_altar_mimics
D:5:      serial_bayou_ford_a, uniq_grinder
D:6:      chequers_temple_overflow_minitemple, lemuel_crystal_altar,
          lemuel_round_altar, kennysheep_mini_moat, ebering_ghost_xom,
          serial_rivers, chequers_serial_rivers_micro_e,
          chequers_serial_rivers_marsh, chequers_serial_rivers_small_a,
          chequers_serial_rivers_room_b, chequers_serial_rivers_room_a
D:7:      trog_ov_bears_minmay
D:8:      david_lair_shrubbed, the_bakery
Temple:   nicolae_temple_x_marks_the_god
Lair:1:   lemuel_fruit_tree

Skill      XL: |  1  2  3  4  5  6  7  8  9 10 |
---------------+-------------------------------+-----
Crossbows      | 5 6 7 8 9 |  9.0
Fighting       | 2 3 4 5 6 |  6.5
Axes           | 1 2 3 4 6 9 |  9.9
Armour         | 1 2 3 4 |  4.7
Dodging        | 3 4 5 |  5.0
Stealth        | 2 |  2.6
Evocations     | 2 |  2.2
Throwing       | |  0.7

Action                   |  1- 3 |  4- 6 |  7- 9 | 10-12 || total
-------------------------+-------+-------+-------+-------++-------
Melee: Hand axe          |       |   146 |   161 |       ||   307
       War axe           |       |       |   295 |    59 ||   354
 Fire: Hand crossbow     |    51 |    76 |    60 |     9 ||   196
Throw: Tomahawk          |       |       |    18 |    11 ||    29
 Abil: Heal Wounds       |       |     5 |    27 |     5 ||    37
Evoke: Wand              |       |       |    27 |     3 ||    30
  Use: Scroll            |       |       |    14 |       ||    14
       Potion            |       |       |     6 |     2 ||     8
 Stab: Sleeping          |       |       |     2 |       ||     2
  Eat: Chunk             |       |     5 |    10 |     1 ||    16
       Ration            |       |       |     1 |       ||     1
Armor: Leather armour    |     4 |    42 |   132 |    18 ||   196
Dodge: Dodged            |     7 |   133 |   381 |   122 ||   643

Table legend:
 A = Non-vault XP
 B = Vault XP
 C = Vault XP percentage of total XP
 D = Non-vault monster count
 E = Vault monster count
 F = Vault count percentage of total count
                 A         B        C        D         E       F
            +---------+---------+-------+---------+---------+-------
      Total |    5874 |    1091 |  15.7 |     222 |       7 |   3.1
            +---------+---------+-------+---------+---------+-------
        D:1 |      35 |       2 |   5.4 |      19 |       2 |   9.5
        D:2 |      99 |       0 |   0.0 |      25 |       0 |   0.0
        D:3 |     172 |       0 |   0.0 |      33 |       0 |   0.0
        D:4 |     515 |       0 |   0.0 |      18 |       0 |   0.0
        D:5 |     770 |     267 |  25.7 |      30 |       1 |   3.2
        D:6 |     919 |       0 |   0.0 |      23 |       0 |   0.0
        D:7 |     760 |     461 |  37.8 |      23 |       3 |  11.5
        D:8 |    1567 |     361 |  18.7 |      42 |       1 |   2.3
     Lair:1 |    1037 |       0 |   0.0 |       9 |       0 |   0.0
            +---------+---------+-------+---------+---------+-------
